 Dungeon Crawl Stone Soup version 0.26-a0-113-gd8a95b691d (webtiles) character file.

Game seed: 12833015325777897801

100 Gargoyl the Skirmisher (level 4, 0/38 HPs)
             Began as a Centaur Abyssal Knight on June 27, 2020.
             Was a Follower of Lugonu.
             Succumbed to a scorpion's poison
             ... on level 3 of the Dungeon.
             The game lasted 00:02:26 (2162 turns).

Gargoyl the Skirmisher (Centaur Abyssal Knight)     Turns: 2162, Time: 00:02:27

Health: 0/38       AC:  6    Str: 15    XL:     4   Next: 47%
Magic:  6/6        EV:  4    Int: 11    God:    Lugonu [*.....]
Gold:   61         SH:  7    Dex:  9    Spells: 3/3 levels left

rFire    . . .     SeeInvis +   e - +2 broad axe (drain)
rCold    . . .     Faith    .   g - +0 kite shield
rNeg     . . .     Spirit   .   k - +0 scale mail
rPois    .         Reflect  .   (no helmet)
rElec    .         Harm     .   (no cloak)
rCorr    .                      (no gloves)
MR       .....                  (no barding)
Stlth    ..........             (no amulet)
HPRegen  0.12/turn              j - ring of see invisible
MPRegen  0.10/turn              (no ring)

@: brilliant, lethally poisoned (0 -> -14), very quick
A: large, hooves 3, deformed body, speed 2, tough skin 3
a: Depart the Abyss, Renounce Religion


You were on level 3 of the Dungeon.
You worshipped Lugonu.
Lugonu was aware of your devotion.
You were not hungry.

You visited 1 branch of the dungeon, and saw 3 of its levels.
You visited the Abyss 1 time.

You collected 61 gold pieces.

Inventory:

Hand Weapons
 a - a +1 hand axe
 e - a +2 broad axe of draining (weapon)
Armour
 g - a +0 kite shield (worn)
 k - a +0 scale mail (worn)
Jewellery
 j - a ring of see invisible (left hand)
Wands
 l - a wand of random effects (16)
Scrolls
 b - a scroll of immolation {unknown}
 i - a scroll of identify
Potions
 f - a potion of curing
Comestibles
 c - 2 rations
 h - 6 chunks of flesh


   Skills:
 + Level 3.5 Fighting
 + Level 2.4 Axes
 * Level 2.0 Armour
 + Level 0.9 Dodging
 * Level 0.6 Shields
 * Level 2.9 Invocations


You had 3 spell levels left.
You didn't know any spells.
Your spell library was empty.

Dungeon Overview and Level Annotations

Branches:
Dungeon (3/15)

Altars:


Innate Abilities, Weirdness & Mutations

You have hooves in place of feet.
Armour fits poorly on your strangely shaped body.
You cover ground very quickly.
You have extremely tough skin. (AC +3)


Message History

Your kick misses the scorpion.
The scorpion is moderately wounded.
* * * LOW HITPOINT WARNING * * *
You feel sick. The scorpion barely misses you. The scorpion stings you.
* * * LOW HITPOINT WARNING * * *
You are more poisoned.
The scorpion poisons you!
You slash the scorpion!
You kill the scorpion!
Lugonu accepts your kill.
Your Armour skill increases to level 2!
You have reached level 4!
You feel stronger.
* * * LOW HITPOINT WARNING * * *
You feel very sick.
* * * LOW HITPOINT WARNING * * *
You feel sick.
You see here a scorpion corpse.
You see here an adder corpse.
You die...

.> . ##.
....# #.#.#
#.#.# #.#.##
#@#..# #†#..#
#†#..# #.#..#
#.##.## ##
#.##..###....
#...........#
####..#####.#
#.......#


There were no monsters in sight!

Vanquished Creatures
  A scorpion (D:3)
  An adder (D:3)
  A worm (D:2)
  A dart slug (D:2)
  2 leopard geckos (D:2)
  3 giant cockroaches
  3 goblins
  3 hobgoblins
  2 jackals (D:3)
  6 bats
  A frilled lizard (D:2)
  5 kobolds
  7 rats
36 creatures vanquished.

Notes
Turn   | Place    | Note
-------+----------+-------------------------------------------
     0 | Abyss:1  | Gargoyl the Centaur Abyssal Knight began the quest for the
                  | Orb.
     0 | Abyss:1  | Reached XP level 1. HP: 19/19 MP: 2/2
    24 | Abyss:2  | Found a corrupted altar of Lugonu.
    35 | Abyss:2  | Noticed a small abomination
    42 | Abyss:2  | Noticed a raiju
    42 | Abyss:2  | Noticed a raiju
    43 | D:1      | Escaped the Abyss
   149 | D:1      | You fall into a shaft and drop 1 floor!
   235 | D:2      | Reached * piety under Lugonu
   287 | D:2      | Reached XP level 2. HP: 26/26 MP: 3/3
  1489 | D:2      | Reached XP level 3. HP: 30/31 MP: 4/4
  2138 | D:3      | Noticed a scorpion
  2159 | D:3      | Killed a scorpion
  2159 | D:3      | Reached XP level 4. HP: 5/38 MP: 6/6
  2160 | D:3      | HP: 1/38 [poisoned by a scorpion]
  2162 | D:3      | Succumbed to a scorpion's poison

Illustrated notes

Levels and vault maps discovered:
D:1:      lemuel_arrival_hallway, layout_basic, minmay_misc_feat_enclosed,
          serial_bayou_pond_c, chequers_mini_garden
D:2:      layout_loops_corners
D:3:      layout_basic

Skill      XL: |  1  2  3 |
---------------+----------+-----
Axes           | 2 |  2.4
Armour         | 2 |  2.0
Fighting       | |  3.5
Dodging        | |  0.9
Shields        | |  0.6
Invocations    | |  2.9

Action                   |  1- 3 |  4- 6 || total
-------------------------+-------+-------++-------
Melee: Broad axe         |    84 |       ||    84
       Kick              |    11 |       ||    11
Invok: Depart the Abyss  |     1 |       ||     1
  Use: Scroll            |     3 |       ||     3
       Potion            |     2 |       ||     2
  Eat: Chunk             |     2 |       ||     2
Armor: Leather armour    |    14 |       ||    14
       Scale mail        |    39 |       ||    39
Dodge: Dodged            |    24 |       ||    24
Block: Kite shield       |    31 |       ||    31

Table legend:
 A = Non-vault XP
 B = Vault XP
 C = Vault XP percentage of total XP
 D = Non-vault monster count
 E = Vault monster count
 F = Vault count percentage of total count
                 A         B        C        D         E       F
            +---------+---------+-------+---------+---------+-------
      Total |     144 |       0 |   0.0 |      36 |       0 |   0.0
            +---------+---------+-------+---------+---------+-------
        D:1 |      17 |       0 |   0.0 |      11 |       0 |   0.0
        D:2 |      36 |       0 |   0.0 |      20 |       0 |   0.0
        D:3 |      91 |       0 |   0.0 |       5 |       0 |   0.0
            +---------+---------+-------+---------+---------+-------
